 Dungeon Crawl Stone Soup version 0.31.0-32-g396128a36d (webtiles) character file.

Game seed: 8341191886907821628

212 tizbic2 the Insei (level 5, -13/31 HPs)
             Began as a Vampire Warper on Mar 19, 2024.
             Blown up by Ijyb (18 damage)
             ... with a mindburst bolt
             ... on level 3 of the Dungeon.
             The game lasted 00:12:41 (2048 turns).

tizbic2 the Insei (Vampire Warper)                  Turns: 2048, Time: 00:12:41

Health: -13/31     AC: 11    Str: 12    XL:     5   Next: 58%
Magic:  8/8        EV:  9    Int: 15    God:
Gold:   76         SH:  0    Dex: 14    Spells: 7/9 levels left

rFire   . . .        n - +2 trident (flame)
rCold   + + .        (no shield)
rNeg    + + +        j - +0 scale mail
rPois   ∞            o - +2 helmet
rElec   .            s - +0 cloak
rCorr   .            (no gloves)
SInv    +            e - +0 pair of boots
Will    .....        (no amulet)
Stlth   ++           (no ring)
HPRegen 0.00/turn    (no ring)
MPRegen 0.11/turn

%: no passive effects
@: weak-willed, bloodless, inhibited regen
A: bloodless, fangs 3, see invisible, vampiric 2
a: Bat Form, Revivify


You were on level 3 of the Dungeon.
You visited 1 branch of the dungeon, and saw 3 of its levels.
You also visited: Sewer.

You collected 76 gold pieces.

Inventory:

Hand Weapons
 n - a +2 trident of flaming (weapon)
 u - a +3 short sword
Missiles
 c - 3 darts of dispersal
 d - 6 poisoned darts (quivered)
Armour
 e - a +0 pair of boots (worn)
 j - a +0 scale mail (worn)
 o - a +2 helmet (worn)
 s - a +0 cloak (worn)
Jewellery
 f - an amulet of faith
Scrolls
 h - a scroll of immolation {unknown}
 i - a scroll of revelation {unknown}
 l - 2 scrolls of teleportation {unknown}
 p - 2 scrolls of fear {unknown}
 q - a scroll of amnesia {unknown}
 r - a scroll of enchant armour {unknown}
 t - a scroll of fog {unknown}
Potions
 a - 2 potions of curing {unknown}
 b - a potion of lignification {unknown}
 k - a potion of attraction
 m - a potion of degeneration {unknown}


   Skills:
 + Level 2.4 Fighting
 + Level 1.7 Throwing
 + Level 1.7 Armour
 + Level 3.0 Dodging
 * Level 3.7 Unarmed Combat
 + Level 2.5 Spellcasting
 + Level 2.9 Translocations


You had 7 spell levels left.
You knew the following spells:

 Your Spells              Type           Power      Damage    Failure   Level
a - Blink                 Tloc           20%        N/A       45%         2

Your spell library contained the following spells:

 Spells                   Type           Power      Damage    Failure   Level
 Lesser Beckoning         Tloc           20%        N/A       45%         2
 Teleport Other           Tloc           10%        N/A       69%         3
 Manifold Assault         Tloc           10%        N/A       97%         4
 Vhi's Electric Charge    Tloc/Air       12%        N/A       99%         4


Dungeon Overview and Level Annotations

Branches:
Dungeon (3/15)              Sewer (visited)

Altars:
Sif Muna

Annotations:
D:3 Ijyb, Natasha


Innate Abilities, Weirdness & Mutations

You do not regenerate when monsters are visible.
You are frail without blood (-20% HP).
You can heal yourself when you bite living creatures.
You are immune to poison.
You have razor-sharp teeth.
You have supernaturally acute eyesight. (SInv)
You are afflicted with vampirism and can become a bat while bloodless.


Message History

You now have 76 gold pieces (gained 8).
You see here a +0 club.
A hobgoblin comes into view.
Ijyb the Twisted Goblin comes into view.
She is wielding a +0 dagger and carrying a wand of mindburst.
The hobgoblin hits you but does no damage.
You closely miss the hobgoblin.
The hobgoblin hits you but does no damage.
You hit the hobgoblin. You burn the hobgoblin.
You kill the hobgoblin!
Ijyb screams, "I cut your head off!"
Natasha, Servant of Life and Death comes into view.
Throw: 6 darts (poison)
Press: ? - help, Q - select action, (/) - cycle Shift-Dir - straight line, f - Ijyb
Aim: Ijyb, wielding a +0 dagger, wearing a +0 chain mail and carrying a wand of mindburst (56% to hit)
Okay, then.
Ijyb hits you but does no damage. Ijyb attacks as she pursues you!
Ijyb hits you but does no damage.
You completely miss Ijyb.
Ijyb zaps a wand.
Your mind is blasted!
You barely miss Ijyb. Ijyb misses you.
You hit Ijyb but do no damage. Ijyb hits you but does no damage.
Ijyb misses you.
A kobold comes into view. It is wielding a +0 short sword.
You hit Ijyb. You burn Ijyb.
Ijyb is lightly wounded.
Ijyb hits you but does no damage.
You closely miss Ijyb.
Ijyb is lightly wounded.
Ijyb hits you but does no damage.
You closely miss the kobold. You bite the kobold, but do no damage.
Ijyb zaps a wand.
Your mind is blasted!
* * * LOW HITPOINT WARNING * * *
The kobold hits you with a +0 short sword.
* * * LOW HITPOINT WARNING * * *
The kobold hits you but does no damage. Ijyb barely misses you.
Unknown command.
As you read the scroll labelled NIT FUIHYCO, it crumbles to dust.
A wave of despondency washes over your surroundings.
It was a scroll of vulnerability.
Ijyb zaps a wand.
Your mind is blasted!
Ouch! That really hurt!
You die...

#.#............##......##
................#..###..#
................#..#
#..###
................#..#
#..##.
...............##..#
#.....
.........##...###.##
##.... ........#######
..# ###..
.........K#####...# #..
.......##g@.......# ####.
....... ######....#
##.... ....... . ##.....
#...... #...... ####...
#...... ###. #......
#...... #...... #......


You could see Ijyb (weak-willed) and a kobold (weak-willed).

Vanquished Creatures
  Terence (D:2)
  2 orc wizards (D:3)
  Robin (D:2)
  3 adders
  2 dart slugs
  3 ribbon worms
  2 orcs
  6 endoplasms
  A giant cockroach (D:2)
  15 goblins
  4 hobgoblins
  6 jackals
  4 quokkas
  8 ball pythons
  3 bats
  9 frilled lizards
  11 kobolds
  5 rats
86 creatures vanquished.

Notes
Turn   | Place    | Note
-------+----------+-------------------------------------------
     0 | D:1      | tizbic2 the Vampire Warper began the quest for the Orb.
     0 | D:1      | Reached XP level 1. HP: 16/16 MP: 3/3
   286 | D:1      | Reached XP level 2. HP: 20/22 MP: 5/5
   506 | D:1      | Reached skill level 1 in Throwing
   506 | D:1      | Reached skill level 1 in Armour
   523 | D:1      | Learned a level 2 spell: Blink
   849 | D:1      | Gained mutation: You are afflicted with vampirism and can
                  | become a bat while bloodless. [Vampire growth]
   849 | D:1      | Reached XP level 3. HP: 23/27 MP: 6/6
   971 | D:2      | Noticed Robin
  1412 | D:2      | Reached XP level 4. HP: 33/33 MP: 7/7
  1468 | D:2      | Killed Robin
  1658 | D:3      | Noticed Terence
  1665 | D:2      | Killed Terence
  1666 | D:2      | Reached XP level 5. HP: 34/38 MP: 8/8
  1746 | D:3      | Found a shimmering blue altar of Sif Muna.
  1831 | D:3      | Found a glowing drain.
  1835 | Sewer    | Entered a sewer
  1879 | Sewer    | Noticed a crocodile
  2032 | D:3      | Noticed Ijyb
  2035 | D:3      | Noticed Natasha
  2048 | D:3      | Blown up by Ijyb

Illustrated notes

Levels and vault maps discovered:
D:1:      heliophobic_arrival_battle_scene, layout_loops_ring
D:2:      layout_rooms, minmay_randomly_rotated_circles, uniq_robin
D:3:      layout_rooms, nicolae_overflow_two_pavilions, serial_shops, shop,
          mainiacjoe_sewer_entry_somewhere_in_here_1, hex_large,
          minmay_divided_ellipse, uniq_natasha, uniq_ijyb, uniq_terence

Skill      XL: |  1  2  3  4  5 |
---------------+----------------+-----
Throwing       | 1 |  1.7
Armour         | 1 |  1.7
Fighting       | 2 |  2.4
Unarmed Combat | 3 |  3.7
Dodging        | 3 |  3.0
Spellcasting   | |  2.5
Translocations | |  2.9

Action                     |  1- 3 |  4- 6 || total
---------------------------+-------+-------++-------
  Melee: Unarmed           |   179 |     2 ||   181
         Bite              |    12 |    10 ||    22
         Punch             |     4 |     1 ||     5
         Trident           |       |   120 ||   120
  Throw: Dart              |    32 |     2 ||    34
         Stone             |     1 |       ||     1
   Cast: Blink             |     2 |       ||     2
Ability: Exsanguinate      |       |     1 ||     1
    Use: Scroll            |     1 |     2 ||     3
   Stab: Sleeping          |     1 |     2 ||     3
         Distracted        |       |     1 ||     1
 Armour: Leather armour    |   110 |    34 ||   144
         Scale mail        |       |    49 ||    49
  Dodge: Dodged            |   107 |    65 ||   172
